 Dungeon Crawl Stone Soup version 0.21.1-1-g345015f (webtiles) character file.

8073 kae the Martial Artist (level 11, -9/83 HPs)
             Began as a Demonspawn Transmuter on June 12, 2018.
             Was a Believer of Makhleb.
             Mangled by an elephant (11 damage)
             ... on level 2 of the Lair of Beasts.
             The game lasted 00:13:59 (13430 turns).

kae the Martial Artist (Demonspawn Transmuter)     Turns: 13430, Time: 00:14:00

Health: -9/83      AC:  5    Str: 16    XL:     11   Next: 5%
Magic:  20/20      EV: 16    Int: 14    God:    Makhleb [**....]
Gold:   692        SH:  0    Dex: 17    Spells: 7/22 levels left

rFire    . . .     SeeInvis +     - Unarmed
rCold    + . .     Gourm    +   (no shield)
rNeg     . . .     Faith    .   b - +1 robe
rPois    .         Spirit   .   y - +1 helmet
rElec    .         Reflect  .   (no cloak)
rCorr    .         Harm     .   (gloves unavailable)
MR       .....                  (no boots)
Stlth    ++........             n - amulet of the gourmand
HPRegen  0.23/turn              r - ring of protection from cold
MPRegen  0.17/turn              t - ring of see invisible

@: mighty
A: claws 3, foul stench 2, powered by pain 1, rot immunity
a: Minor Destruction, Renounce Religion


You were on level 2 of the Lair of Beasts.
You worshipped Makhleb.
Makhleb was pleased with you.
You were very full.

You visited 3 branches of the dungeon, and saw 12 of its levels.

You collected 692 gold pieces.

Inventory:

Missiles
 a - 145 arrows
Armour
 b - a +1 robe (worn)
 y - a +1 helmet (worn)
Jewellery
 n - an amulet of the gourmand (around neck)
 r - a ring of protection from cold (left claw)
 t - a ring of see invisible (right claw)
Wands
 f - a wand of flame (30)
 k - a wand of paralysis (16)
 p - a wand of polymorph (29)
 u - a wand of acid (10)
 x - a wand of random effects (20)
 A - a wand of disintegration (17)
Scrolls
 e - 5 scrolls of remove curse
 h - a scroll of enchant armour
 o - 7 scrolls of teleportation
 v - a scroll of fog
 E - 2 scrolls of amnesia
Potions
 g - 2 potions of heal wounds
 i - 2 potions of haste
 j - a potion of curing
 l - 2 potions of cancellation
 m - 3 potions of flight
 q - a potion of magic {unknown}
 z - a potion of brilliance {unknown}
 B - a potion of agility {unknown}
 D - a potion of ambrosia {unknown}
Books
 c - a book of Changes

   Spells                             Type                      Level
   a - Beastly Appendage              Transmutation                1
   b - Sticks to Snakes               Transmutation                2
   c - Spider Form                    Transmutation/Poison         3
   d - Ice Form                       Ice/Transmutation            4
   e - Blade Hands                    Transmutation                5
 w - a book of Necromancy

   Spells                             Type                      Level
   a - Pain                           Necromancy                   1
   b - Animate Skeleton               Necromancy                   1
   c - Vampiric Draining              Necromancy                   3
   d - Regeneration                   Charms/Necromancy            3
   e - Animate Dead                   Necromancy                   4
   f - Borgnjor's Vile Clutch         Necromancy/Earth             5
Comestibles
 d - 13 rations


   Skills:
 + Level 6.5 Fighting
 + Level 6.2 Dodging
 * Level 9.0 Unarmed Combat
 + Level 6.3 Spellcasting
 + Level 6.2 Transmutations
 + Level 7.8 Invocations


You had 7 spell levels left.
You knew the following spells:

 Your Spells              Type           Power        Failure   Level  Hunger
a - Beastly Appendage     Tmut           ###...       1%          1    None
b - Sticks to Snakes      Tmut           ###.....     1%          2    #......
c - Spider Form           Tmut/Pois      ##........   13%         3    ###....
d - Blade Hands           Tmut           ###.......   32%         5    ######.
e - Ice Form              Ice/Tmut       ##......     38%         4    ####...


Dungeon Overview and Level Annotations

Branches:
Dungeon (9/15)             Temple (1/1) D:5            Lair (2/6) D:9
  Swamp: Lair:2-4    Shoals: Lair:2-4     Snake: Lair:2-4    Spider: Lair:2-4
    Orc: D:9-12

Altars:
Ashenzari
Cheibriados
Dithmenos
Elyvilon
Fedhas
Gozag
Hepliaklqana
Kikubaaqudgha
Makhleb
Nemelex Xobeh
Okawaru
Qazlal
Ru
Sif Muna
Trog
Uskayaw
Vehumet
Wu Jian
Xom
Yredelemnul
Zin
The Shining One

Annotations:
D:3 2 transporters
D:9 exclusion: troll


Innate Abilities, Weirdness & Mutations

You have claws for hands.
You frequently emit foul miasma when damaged in melee.
You sometimes gain a little power by taking damage.
You are immune to rotting.


Message History

The elephant looks even sicker.
An elephant comes into view.
The elephant trumpets!
You hear a trumpeting!
Found a hunting sling.
An elephant comes into view.
An elephant comes into view.
You feel a little less agile now.
Found a dagger.
The elephant tramples you!
* * * LOW HITPOINT WARNING * * *
You focus on the pain.
You feel very mighty all of a sudden.
You stumble backwards!
Okay, then.
Found a stone staircase leading down.
A komodo dragon comes into view.
The komodo dragon hisses angrily.
You scratch the plant but do no damage. The yak closely misses you.
The elephant tramples you!
You die...

... .... ..)...................
(. ..... ........................
. .........l.....................
##...............................
.#....................#...##.....
.#.......PP.PP.#.YY.Y##..##......
...............#Y.Y..##...# .....
.P..............YYY..##....#.....
.#..............@....##...... ...
...............P)....# ..P.
##...................#
.....................#
..........P...P#.......
....................>...
#.#######.##.#P.#####.P. ###
##### ###


You could see 7 elephants, a komodo dragon and a yak.

Vanquished Creatures
  Erica (D:9)
  Pikel (D:5)
  The ghost of tidbits the Sneak, a novice GnEn (D:7)
  An elephant (Lair:2)
  4 spiny frogs
  A rime drake (Lair:1)
  5 hippogriffs
  5 yaks (Lair:2)
  2 water moccasins
  4 ice beasts
  An orc warrior (D:6)
  3 slaves (D:5)
  2 phantoms (D:6)
  4 wolves (Lair:2)
  2 ogres
  A crocodile (Lair:1)
  A centaur (D:6)
  5 bullfrogs
  A scorpion (D:4)
  5 killer bees (D:8)
  A bullfrog zombie (D:6)
  3 crimson imps
  A quasit (D:9)
  A bullfrog skeleton (D:9)
  A centaur zombie (D:5)
  4 hounds
  A gnoll shaman (D:6)
  An orc priest (D:6)
  Ijyb (D:5)
  An iguana (D:6)
  6 orc wizards
  6 worker ants
  A hound skeleton (D:6)
  5 gnolls (D:6)
  5 adders
  5 worms
  2 dart slugs
  3 leopard geckos
  27 orcs
  8 bats
  5 giant cockroaches
  15 goblins
  12 hobgoblins
  6 jackals
  6 kobolds
  3 quokkas
  3 frilled lizards
  A leopard gecko skeleton (D:5)
  8 rats
192 creatures vanquished.

Vanquished Creatures (collateral kills)
  A komodo dragon (Lair:2)
  A water moccasin (Lair:1)
  An iguana (D:2)
  A goblin (D:2)
  A kobold (D:2)
5 creatures vanquished.

Vanquished Creatures (others)
  A fungus (Lair:2)
  A plant (Lair:2)
2 creatures vanquished.

Grand Total: 199 creatures vanquished

Notes
Turn   | Place    | Note
-------+----------+-------------------------------------------
     0 | D:1      | kae the Demonspawn Transmuter began the quest for the Orb.
     0 | D:1      | Reached XP level 1. HP: 15/15 MP: 3/3
   377 | D:1      | Gained mutation: You have sharp fingernails. [demonic ancestry]
   377 | D:1      | Reached XP level 2. HP: 16/21 MP: 5/5
   584 | D:1      | Reached skill level 3 in Unarmed Combat
   959 | D:2      | Gained mutation: You sometimes gain a little power by taking damage. [demonic ancestry]
   959 | D:2      | Reached XP level 3. HP: 13/26 MP: 4/6
  1185 | D:2      | Learned a level 2 spell: Sticks to Snakes
  1189 | D:2      | Learned a level 3 spell: Spider Form
  1871 | D:2      | Found a shadowy altar of Dithmenos.
  1888 | D:2      | Gained mutation: You are immune to rotting. [demonic ancestry]
  1888 | D:2      | Reached XP level 4. HP: 14/33 MP: 5/7
  2870 | D:3      | Found a transporter.
  2872 | D:3      | Found a transporter.
  2873 | D:3      | Noticed an ogre
  2878 | D:3      | Found an ornate altar of the Wu Jian Council.
  3408 | D:3      | Gained mutation: You may emit foul miasma when damaged in melee. [demonic ancestry]
  3408 | D:3      | Reached XP level 5. HP: 30/38 MP: 4/8
  4122 | D:4      | Reached skill level 4 in Unarmed Combat
  4551 | D:5      | Entered Level 5 of the Dungeon
  4662 | D:5      | Noticed Ijyb
  4663 | D:5      | Noticed an ice beast
  4688 | D:5      | Killed Ijyb
  4688 | D:5      | Reached XP level 6. HP: 33/46 MP: 1/10
  4959 | D:5      | Found a staircase to the Ecumenical Temple.
  4981 | Temple   | Entered the Ecumenical Temple
  5083 | Temple   | Became a worshipper of Makhleb the Destroyer
  5172 | D:5      | Reached skill level 1 in Invocations
  5635 | D:5      | Noticed a slave
  5635 | D:5      | Noticed a slave
  5635 | D:5      | Noticed a slave
  5636 | D:5      | Noticed Pikel
  5636 | D:5      | Noticed a slave
  5656 | D:5      | Killed a slave
  5672 | D:5      | Killed a slave
  5694 | D:5      | Killed a slave
  5699 | D:5      | Killed Pikel
  5699 | D:5      | Reached skill level 5 in Unarmed Combat
  5699 | D:5      | Reached XP level 7. HP: 37/52 MP: 5/12
  5940 | D:5      | Gained mutation: You frequently emit foul miasma when damaged in melee. [demonic ancestry]
  5940 | D:5      | Reached XP level 8. HP: 48/58 MP: 10/13
  7170 | D:6      | Reached * piety under Makhleb
  7192 | D:6      | Reached skill level 6 in Unarmed Combat
  7781 | D:6      | Found a stormy altar of Qazlal.
  7898 | D:6      | Gained mutation: You have very sharp fingernails. [demonic ancestry]
  7898 | D:6      | Reached XP level 9. HP: 40/66 MP: 11/15
  8084 | D:7      | Found a stormy altar of Qazlal.
  8084 | D:7      | Found an iron altar of Okawaru.
  8111 | D:7      | Noticed tidbits's ghost (novice GnEn)
  8144 | D:7      | Killed tidbits's ghost
  8144 | D:7      | Reached skill level 5 in Invocations
  8163 | D:7      | Found a radiant altar of Vehumet.
  8217 | D:7      | Found an opulent altar of Gozag.
  8218 | D:7      | Found a deep blue altar of Sif Muna.
  8218 | D:7      | Found a snail-covered altar of Cheibriados.
  8233 | D:7      | Found a glowing golden altar of the Shining One.
  8237 | D:7      | Found an ancient bone altar of Kikubaaqudgha.
  8557 | D:8      | Reached skill level 7 in Unarmed Combat
  8772 | D:8      | Reached skill level 5 in Spellcasting
  8886 | D:8      | Reached ** piety under Makhleb
  8886 | D:8      | Reached skill level 5 in Fighting
  8926 | D:8      | Learned a level 4 spell: Ice Form
  8974 | D:8      | Found a shadowy altar of Dithmenos.
  9056 | D:8      | Reached skill level 5 in Transmutations
  9059 | D:8      | Reached skill level 5 in Dodging
 10051 | D:9      | Noticed a dagger
 10051 | D:9      | Noticed a hand axe
 10051 | D:9      | Noticed a troll
 10119 | D:9      | Found a staircase to the Lair.
 10458 | D:9      | Noticed Erica
 10886 | D:9      | Found a hide-covered altar of Uskayaw.
 11047 | D:9      | Killed Erica
 11047 | D:9      | Reached XP level 10. HP: 64/74 MP: 13/18
 11141 | Lair:1   | Entered Level 1 of the Lair of Beasts
 11249 | Lair:1   | Noticed a spiny frog
 11275 | Lair:1   | Killed a spiny frog
 11275 | Lair:1   | Reached skill level 8 in Unarmed Combat
 11940 | Lair:1   | Noticed a spiny frog
 11955 | Lair:1   | Killed a spiny frog
 12267 | Lair:2   | Noticed a spiny frog
 12279 | Lair:2   | Killed a spiny frog
 12950 | Lair:2   | Learned a level 5 spell: Blade Hands
 13060 | Lair:2   | Noticed a spiny frog
 13077 | Lair:2   | Killed a spiny frog
 13077 | Lair:2   | HP: 1/76 [poisoned by a spiny frog]
 13359 | Lair:2   | Noticed an elephant
 13364 | Lair:2   | Noticed an elephant
 13369 | Lair:2   | Noticed an elephant
 13373 | Lair:2   | Noticed an elephant
 13391 | Lair:2   | Reached skill level 9 in Unarmed Combat
 13391 | Lair:2   | Gained mutation: You have claws for hands. [demonic ancestry]
 13391 | Lair:2   | Reached XP level 11. HP: 69/83 MP: 13/20
 13425 | Lair:2   | HP: 1/83 [elephant (15)]
 13430 | Lair:2   | Mangled by an elephant

Skill      XL: |  1  2  3  4  5  6  7  8  9 10 |
---------------+-------------------------------+-----
Unarmed Combat | 3 4 5 6 7 9 |  9.0
Transmutations | 2 3 4 5 6 |  6.2
Dodging        | 2 3 4 5 6 |  6.2
Fighting       | 2 3 4 5 6 |  6.5
Spellcasting   | 3 4 5 6 |  6.3
Invocations    | 2 3 4 6 7 |  7.8

Action                   |  1- 3 |  4- 6 |  7- 9 | 10-12 || total
-------------------------+-------+-------+-------+-------++-------
Melee: Unarmed           |   117 |   211 |   321 |   159 ||   808
       Headbutt          |     2 |     2 |       |       ||     4
       Kick              |     6 |     1 |     6 |       ||    13
       Punch             |     1 |     3 |     3 |     3 ||    10
 Cast: Beastly Appendage |    12 |     7 |     2 |       ||    21
       Sticks to Snakes  |     5 |     6 |     2 |     7 ||    20
       Spider Form       |     1 |    22 |    31 |    15 ||    69
Invok: Minor Destruction |       |       |       |     3 ||     3
  Use: Scroll            |       |    10 |     2 |     5 ||    17
       Potion            |       |       |       |     4 ||     4
 Stab: Sleeping          |       |     1 |       |       ||     1
       Distracted        |       |       |       |     1 ||     1
  Eat: Chunk             |     4 |    12 |    12 |    18 ||    46
       Ration            |       |     1 |     3 |       ||     4
Armor: Robe              |    33 |     8 |    15 |     2 ||    58
       Skin              |       |     2 |    11 |     4 ||    17
Dodge: Dodged            |   107 |   159 |   280 |   180 ||   726
